 Dungeon Crawl Stone Soup version 0.25-a0-591-g2ad0d86 (webtiles) character file.

Game seed: 6392925037681696908, levelgen mode: deterministic

424 Faca the Slinger (level 7, -3/48 HPs)
             Began as a Halfling Hunter on Mar 14, 2020.
             Was an Initiate of Okawaru.
             Splashed by a jelly's acid (10 damage)
             ... on level 5 of the Dungeon.
             The game lasted 00:07:58 (4578 turns).

Faca the Slinger (Halfling Hunter)                  Turns: 4578, Time: 00:07:59

Health: -3/48      AC: -4    Str: 15    XL:     7   Next: 17%
Magic:  7/7        EV: 13    Int:  9    God:    Okawaru [......]
Gold:   169        SH:  0    Dex: 15    Spells: 6/6 levels left

rFire    . . .     SeeInvis .   i - +2 falchion (holy)
rCold    + . .     Gourm    .   (shield restricted)
rNeg     . . .     Faith    .   p - +0 ring mail {rC+}
rPois    .         Spirit   .   k - +0 helmet
rElec    .         Reflect  .   q - +1 cloak
rCorr    .         Harm     .   (no gloves)
MR       .....                  (no boots)
Stlth    +.........             (no amulet)
HPRegen  0.16/turn              (no ring)
MPRegen  0.10/turn              (no ring)

@: corroded
A: small, mutation resistance 1
a: Renounce Religion


You were on level 5 of the Dungeon.
You worshipped Okawaru.
Okawaru was noncommittal.
You were not hungry.

You visited 2 branches of the dungeon, and saw 6 of its levels.

You collected 169 gold pieces.

Inventory:

Hand Weapons
 a - a +1 hunting sling
 b - a +0 short sword
 i - a +2 falchion of holy wrath (weapon)
Missiles
 d - 19 sling bullets
 h - 68 stones (quivered)
Armour
 k - a +0 helmet (worn)
 p - a +0 ring mail of cold resistance (worn)
 q - a +1 cloak (worn)
Wands
 o - a wand of flame (27)
Scrolls
 l - 2 scrolls of immolation
 n - a scroll of fear
 s - 2 scrolls of fog
Potions
 c - a potion of might {unknown}
 e - a potion of heal wounds
 g - 2 potions of ambrosia
 j - a potion of invisibility {unknown}
 m - a potion of cancellation {unknown}
Comestibles
 f - 6 rations


   Skills:
 + Level 4.0 Fighting
 + Level 4.3 Short Blades
 + Level 8.3 Slings
 - Level 2.1 Dodging
 - Level 1.1 Stealth


You had 6 spell levels left.
You didn't know any spells.
Your spell library was empty.

Dungeon Overview and Level Annotations

Branches:
Dungeon (5/15)             Temple (1/1) D:4

Altars:
Ashenzari
Elyvilon
Fedhas
Makhleb
Nemelex Xobeh
Okawaru
Qazlal
Sif Muna
Trog
Vehumet
Xom
Yredelemnul

Shops:
D:4 *


Innate Abilities, Weirdness & Mutations

You are small and have problems with some larger weapons.
You are somewhat resistant to further mutation.


Message History

The jelly is heavily wounded.
The jelly misses you.
You riposte.
You barely miss the jelly.
The jelly is heavily wounded.
You hit the jelly but do no damage. The acid corrodes you!
Your hands burn!
* * * LOW HITPOINT WARNING * * *
The jelly is heavily wounded.
The jelly misses you.
You riposte.
You hit the jelly but do no damage.
The jelly is heavily wounded.
You feel much better. The jelly completely misses you.
You hit the jelly.
Your hands burn!
The jelly is heavily wounded.
The jelly hits you.
You are splashed with acid!
You hit the jelly but do no damage.
Your hands burn!
The jelly is heavily wounded.
The jelly hits you.
You are splashed with acid!
* * * LOW HITPOINT WARNING * * *
The jelly hits you.
* * * LOW HITPOINT WARNING * * *
The acid corrodes you!
You are splashed with acid!
You die...

..........# ..........#
..........# ..........#
..........# ..........#
.......<..# ........J.#
################@####!#
.................)......
################.####.##
#.# #.# #.# #.# #.# ..


You could see a jelly.

Vanquished Creatures
  3 bullfrog zombies (D:4)
  An orc priest (D:3)
  A bullfrog skeleton (D:4)
  Terence (D:2)
  Jessica (D:2)
  An iguana (D:4)
  2 worker ants
  4 adders
  An ooze (D:4)
  2 adder zombies (D:4)
  An adder skeleton (D:4)
  A worm (D:3)
  4 dart slugs
  3 leopard geckos
  5 orcs
  5 giant cockroaches
  7 goblins
  9 hobgoblins
  6 jackals (D:3)
  A quokka (D:2)
  3 ball pythons
  A ball python skeleton (D:4)
  5 bats
  4 frilled lizards
  9 kobolds
  2 quokka skeletons (D:4)
  8 rats
91 creatures vanquished.

Notes
Turn   | Place    | Note
-------+----------+-------------------------------------------
     0 | D:1      | Faca the Halfling Hunter began the quest for the Orb.
     0 | D:1      | Reached XP level 1. HP: 14/14 MP: 1/1
   376 | D:1      | Reached skill level 6 in Slings
   560 | D:1      | Reached XP level 2. HP: 19/19 MP: 2/2
   584 | D:1      | Reached skill level 1 in Short Blades
   984 | D:1      | Reached XP level 3. HP: 17/24 MP: 3/3
  1425 | D:2      | Noticed Jessica
  1430 | D:2      | Killed Jessica
  1430 | D:2      | Reached XP level 4. HP: 30/30 MP: 4/4
  1876 | D:2      | Reached skill level 7 in Slings
  1876 | D:2      | Reached XP level 5. HP: 9/36 MP: 5/5
  2164 | D:2      | You fall into a shaft and drop 2 floors!
  2438 | D:4      | Found a staircase to the Ecumenical Temple.
  2444 | Temple   | Entered the Ecumenical Temple
  2456 | Temple   | Became a worshipper of Warmaster Okawaru
  2595 | D:4      | Reached XP level 6. HP: 34/42 MP: 6/6
  2838 | D:2      | Noticed Terence
  2856 | D:2      | Killed Terence
  3155 | D:2      | Found a shimmering blue altar of Sif Muna.
  3556 | D:3      | Found a white marble altar of Elyvilon.
  3558 | D:3      | Found a burning altar of Makhleb.
  3560 | D:3      | Found a shimmering altar of Xom.
  4069 | D:3      | Found a bloodstained altar of Trog.
  4069 | D:3      | Found a shattered altar of Ashenzari.
  4122 | D:4      | Reached skill level 8 in Slings
  4166 | D:4      | Reached XP level 7. HP: 41/47 MP: 7/7
  4380 | D:4      | Found Cigtama's Commerce Corner.
  4535 | D:5      | Entered Level 5 of the Dungeon
  4578 | D:5      | Splashed by a jelly's acid

Levels and vault maps discovered:
D:1:      evilmike_arrival_hilbert_curve, layout_loops_cross, st_stairs_4,
          roderic_roman_lattice
D:2:      layout_basic, overflow_temple_1_default, uniq_terence, uniq_jessica
D:3:      layout_loops_ring, gammafunk_temple_overflow_forgotten,
          gammafunk_temple_overflow_elements
D:4:      layout_cave_pools, minmay_temple_entry_hall, serial_undead,
          serial_undead_b, serial_undead_b, serial_undead_f, serial_undead_f,
          serial_undead_c, serial_undead_b, serial_undead_c,
          nicolae_alphabet_shops, grunt_decor_clamped
D:5:      minmay_polygon_palace, layout_basic, first_ration, uniq_ijyb
Temple:   eino_temple_water

Skill      XL: |  1  2  3  4  5  6  7 |
---------------+----------------------+-----
Slings         | 6 7 8 |  8.3
Fighting       | 2 3 4 |  4.0
Short Blades   | 1 2 3 4 |  4.3
Dodging        | |  2.1
Stealth        | |  1.1

Action                   |  1- 3 |  4- 6 |  7- 9 || total
-------------------------+-------+-------+-------++-------
Melee: Short sword       |    87 |     3 |       ||    90
       Falchion          |       |   185 |    24 ||   209
 Fire: Hunting sling     |     4 |     6 |       ||    10
  Use: Scroll            |     4 |     5 |       ||     9
       Potion            |       |       |     1 ||     1
 Stab: Sleeping          |     1 |       |       ||     1
  Eat: Chunk             |     1 |     6 |     2 ||     9
       Ration            |       |     1 |       ||     1
Armor: Ring mail         |    23 |    55 |     7 ||    85
       Leather armour    |     2 |       |       ||     2
Dodge: Dodged            |    61 |   132 |    18 ||   211
       Rpst.: Falchion   |       |    45 |     6 ||    51

Table legend:
 A = Non-vault XP
 B = Vault XP
 C = Vault XP percentage of total XP
 D = Non-vault monster count
 E = Vault monster count
 F = Vault count percentage of total count
                 A         B        C        D         E       F
            +---------+---------+-------+---------+---------+-------
      Total |     331 |     276 |  45.5 |      77 |      14 |  15.4
            +---------+---------+-------+---------+---------+-------
        D:1 |      30 |       8 |  21.1 |      21 |       3 |  12.5
        D:2 |      88 |      75 |  46.0 |      18 |       2 |  10.0
        D:3 |     115 |       0 |   0.0 |      30 |       0 |   0.0
        D:4 |      98 |     193 |  66.3 |       8 |       9 |  52.9
            +---------+---------+-------+---------+---------+-------
